Map: Emerald City LE

Players

rtet

  • Race: Terran Terran
  • League: Platinum
  • Spawn Location: 5:00

Stormy

  • Race: Zerg Zerg
  • Spawn Location: 5:00

Massa

  • Race: Terran Terran
  • League: Gold
  • Spawn Location: 11:00

qqq

  • Race: Zerg Zerg
  • League: Platinum
  • Spawn Location: 11:00

VOD

Have the link to the VOD?

Description

Time

  • Played on: May 26, 2020, 2:12 p.m.
  • Length: 13:22
Show
View Real Time Build Order
Export as new Build Order

rtet Terran 

Build Orders: Reaper Expand 

Get SALT Encoding   

  12  0:08  SCV  
  13  0:18  Supply Depot  
  13  0:20  SCV  
  14  0:32  SCV  
  15  0:40  Barracks  
  15  0:44  SCV  
  15  0:46  Refinery  
  16  0:56  SCV  
  17  1:08  SCV  
  18  1:20  SCV  
  19  1:33  Command Center  
  19  1:34  Reaper  
  19  1:39  SCV  
  21  1:49  Supply Depot  
  21  1:51  SCV  
  22  2:08  Factory  
  22  2:10  Marine  
  23  2:17  Supply Depot  
  23  2:23  Orbital Command  
  23  2:32  Barracks Reactor  
  23  2:55  Orbital Command  
  23  2:57  SCV  
  24  3:08  Starport  
  24  3:09  SCV  
  24  3:10  Refinery  
  25  3:17  Supply Depot  
  25  3:21  SCV  
  25  3:33  SCV  
  26  3:36  SCV, Hellion x2  
  31  3:45  SCV  
  31  3:47  Supply Depot  
  32  3:48  SCV  
  32  3:51  Barracks Tech Lab  
  33  3:56  Medivac  
  33  3:57  SCV  
  33  4:00  SCV  
  37  4:06  Hellion  
  37  4:07  Hellion  
  37  4:09  SCV, Stimpack  
  42  4:11  Marine  
  42  4:12  SCV  
  44  4:20  Barracks  
  44  4:21  SCV  
  45  4:29  Marine  
  46  4:33  SCV  
  46  4:34  Widow Mine x2  
  51  4:41  SCV, Barracks  
  52  4:45  SCV  
  52  4:47  Marine  
  52  4:50  Supply Depot x2  
  54  4:55  Refinery  
  46  5:00  Starport Reactor  
  46  5:04  SCV  
  46  5:05  Marine  
  48  5:09  Widow Mine x2  
  48  5:11  SCV  
  54  5:19  SCV  
  55  5:21  Barracks Reactor  
  55  5:23  SCV, Marine, Engineering Bay  
  55  5:26  Refinery, Engineering Bay  
  56  5:31  SCV  
  58  5:40  Barracks Reactor, Marine  
  58  5:41  Barracks  
  58  5:42  Factory Tech Lab  
  58  5:43  SCV  
  58  5:44  SCV  
  60  5:54  Missile Turret  
  60  5:55  Missile Turret  
  60  5:58  Terran Infantry Armor Level 1, Terran Infantry Weapons Level 1  
  60  5:59  SCV  
  60  6:00  Missile Turret  
  60  6:01  Marine x2, Missile Turret  
  60  6:02  Marine  
  60  6:03  Siege Tank  
  67  6:16  SCV  
  67  6:17  Marine x2  
  67  6:18  Missile Turret  
  70  6:19  Marine x2  
  70  6:20  Marine  
  70  6:21  Medivac x2  
  77  6:28  SCV  
  78  6:35  Marine x2, Siege Tank  
  78  6:37  Marine x2  
  75  6:56  SCV  
  76  7:04  Marine  
  76  7:05  Marine x2  
  79  7:08  SCV  
  80  7:28  Marine x2  
  80  7:29  Marine x4  
  86  7:39  Supply Depot  
  86  7:40  Supply Depot  
  86  7:41  Supply Depot x2  
  86  7:43  Armory  
  86  7:46  Supply Depot  
  86  7:49  Supply Depot  
  86  8:00  SCV, Marine x7  
  95  8:12  SCV  
  95  8:18  Marine x7  
  100  8:36  Marine x7  
  107  8:46  Medivac x2  
  111  8:49  Command Center  
  111  8:53  Terran Infantry Armor Level 2, Terran Infantry Weapons Level 2, Marine x7  
  111  8:55  Terran Vehicle Weapons Level 1  
  118  9:05  Siege Tank  
  121  9:11  Marine x7  
  121  9:15  Starport  
  121  9:16  Medivac x2  
  132  9:29  Marine x2  
  134  9:42  Supply Depot  
  134  9:43  Supply Depot  
  134  9:45  Supply Depot  
  134  9:48  Supply Depot  
  134  9:51  Supply Depot  
  134  10:01  Marine x7, Medivac x2, Siege Tank  
  134  10:04  Orbital Command  
  134  10:05  SCV x2  
  150  10:15  Medivac  
  150  10:17  SCV  
  150  10:18  Marine x6  
  143  10:21  Marine  
  144  10:31  Medivac x2  
  144  10:33  Siege Tank  
  146  10:36  Marine x6  
  146  10:39  Marine  
  155  10:54  SCV, Marine x6  
  162  10:57  Marine  
  162  11:01  Medivac x2  
  162  11:02  Starport Reactor, Terran Vehicle Weapons Level 2  
  165  11:05  Siege Tank  
  165  11:06  SCV  
  165  11:10  Armory  
  169  11:12  Refinery, Marine x6  
  169  11:14  Refinery  
  169  11:15  Marine  
  176  11:19  SCV  
  177  11:30  Marine x2  
  178  11:54  Marine x7  
  178  12:01  Siege Tank  
  178  12:02  Medivac  
  178  12:03  Medivac x2  
  187  12:11  Marine  
  187  12:12  Marine x3  
  189  12:22  Supply Depot  
  189  12:23  Supply Depot x2  
  189  12:25  Supply Depot  
  189  12:26  Marine x2  
  189  12:29  Marine x2  
  187  12:30  Marine  
  187  12:31  Marine  
  189  12:43  Marine  
  189  12:44  Marine x2, Siege Tank  
  193  12:45  Medivac x2  
  193  12:47  Marine  
  200  13:02  Marine  
  200  13:03  Marine  
Show
View Real Time Build Order
Export as new Build Order

Stormy Zerg 

Build Orders: Hatch First 

Get SALT Encoding   

  12  0:01  Drone  
  13  0:12  Overlord  
  13  0:17  Drone  
  14  0:30  Drone x2  
  16  0:50  Hatchery  
  16  0:55  Drone  
  16  1:00  Drone  
  16  1:01  Drone  
  18  1:13  Extractor  
  17  1:18  Spawning Pool  
  17  1:20  Drone  
  17  1:25  Drone  
  18  1:32  Drone  
  19  1:44  Drone  
  20  1:51  Drone  
  21  2:06  Queen x2  
  21  2:08  Drone, Overlord  
  26  2:16  Drone x2  
  26  2:19  Metabolic Boost  
  28  2:30  Zergling x4  
  28  2:34  Drone  
  31  2:42  Drone  
  32  2:46  Drone x2  
  34  2:54  Drone  
  35  2:58  Hatchery  
  35  2:59  Drone  
  35  3:12  Overlord  
  35  3:13  Drone  
  36  3:20  Roach Warren  
  36  3:22  Drone  
  36  3:23  Overlord  
  36  3:29  Queen  
  36  3:32  Drone x5  
  43  3:34  Drone  
  44  3:48  Extractor  
  43  4:02  Extractor  
  41  4:06  Overlord  
  41  4:07  Overlord  
  41  4:24  Evolution Chamber  
  41  4:25  Evolution Chamber  
  41  4:28  Lair  
  41  4:30  Pneumatized Carapace  
  39  4:37  Drone x2  
  39  4:38  Drone x2, Overlord  
  43  4:39  Drone  
  43  4:40  Drone x9  
  53  4:59  Drone  
  56  5:00  Drone x6  
  60  5:10  Drone x5  
  60  5:12  Extractor, Zerg Missile Weapons Level 1, Zerg Ground Armor Level 1  
  64  5:14  Extractor  
  64  5:15  Overlord  
  64  5:19  Queen  
  65  5:22  Drone  
  65  5:23  Drone x2  
  68  5:29  Overseer  
  68  5:31  Drone  
  68  5:32  Drone x2  
  71  5:35  Extractor  
  70  6:06  Spore Crawler  
  70  6:07  Spore Crawler  
  70  6:10  Spore Crawler  
  66  6:11  Spore Crawler  
  66  6:18  Spore Crawler  
  64  6:27  Glial Reconstitution  
  64  6:28  Hydralisk Den  
  64  6:30  Queen  
  64  6:31  Drone  
  64  6:32  Drone x7, Overlord  
  73  6:33  Overlord  
  73  6:47  Overlord x3  
  73  6:48  Drone  
  73  6:49  Drone x8  
  82  6:56  Overlord  
  82  7:00  Overlord  
  82  7:10  Zergling x12  
  88  7:31  Hatchery  
  79  7:54  Queen  
  79  7:57  Queen x2  
  85  8:02  Hydralisk  
  85  8:03  Hydralisk x13  
  110  8:16  Overlord  
  110  8:17  Hydralisk x6, Overlord  
  110  8:18  Hydralisk x2  
  126  8:28  Lurker Den, Infestation Pit  
  126  8:32  Queen  
  126  8:34  Overlord x2  
  116  9:03  Hydralisk  
  116  9:04  Hydralisk x10  
  116  9:08  Overlord x2  
  138  9:11  Spore Crawler  
  138  9:12  Spore Crawler  
  136  9:17  Drone  
  136  9:18  Drone x2, Overlord x2  
  139  9:36  Grooved Spines  
  139  9:37  Zerg Ground Armor Level 2, Zerg Missile Weapons Level 2  
  139  9:40  Overlord, Hive  
  139  9:41  Overlord  
  139  9:48  Hydralisk x5  
  139  9:49  Hydralisk x4  
  151  10:18  Hydralisk  
  151  10:19  Hydralisk x12  
  169  10:38  Extractor  
  169  10:40  Extractor  
  167  10:48  Muscular Augments  
  167  11:01  Viper x6  
  185  11:09  Evolution Chamber, Overlord x2  
  185  11:10  Zergling x2, Evolution Chamber x2  
  185  11:11  Zergling x20  
  193  11:13  Adrenal Glands  
  193  11:18  Baneling Nest  
  185  11:44  Queen  
  185  11:45  Queen  
  171  11:55  Hydralisk x12  
  158  12:23  Hydralisk x13  
Show
View Real Time Build Order
Export as new Build Order

Massa Terran 

Build Orders:  

Get SALT Encoding   

  12  0:11  Supply Depot  
  12  0:13  SCV  
  13  0:25  SCV  
  14  0:35  Barracks  
  14  0:37  SCV  
  16  0:50  SCV  
  16  1:02  SCV  
  17  1:14  SCV  
  18  1:23  Barracks  
  18  1:25  Refinery  
  18  1:26  Refinery  
  18  1:28  SCV  
  19  1:40  SCV  
  20  1:55  SCV  
  21  2:06  Marine  
  21  2:07  SCV  
  23  2:12  Command Center  
  23  2:16  Supply Depot  
  22  2:30  Factory  
  22  2:32  Marine  
  21  3:02  Marine x2  
  22  3:20  Marine  
  22  3:26  Marine  
  24  3:29  Factory Tech Lab  
  24  3:33  Starport  
  24  3:37  Marine  
  24  3:38  Starport  
  25  3:42  Supply Depot  
  25  3:43  SCV  
  25  3:44  Marine  
  27  3:52  SCV  
  27  3:55  SCV  
  29  3:59  Marine  
  30  4:07  Siege Tank  
  33  4:14  SCV  
  34  4:18  Medivac  
  36  4:35  Barracks Tech Lab  
  36  4:39  Barracks Reactor, Barracks  
  36  4:45  Siege Tank  
  39  4:58  Engineering Bay  
  39  5:06  SCV  
  41  5:13  Orbital Command  
  40  5:16  Marine x2  
  40  5:18  SCV  
  43  5:29  Barracks Reactor  
  43  5:30  SCV  
  44  5:39  Missile Turret  
  44  5:42  SCV  
  45  5:44  Terran Infantry Weapons Level 1  
  45  5:48  Medivac  
  47  6:00  Missile Turret  
  49  6:11  Marauder, Marine x3  
  49  6:12  Marine  
  53  6:22  Missile Turret, Supply Depot  
  55  6:25  Orbital Command  
  53  6:44  Marauder  
  55  6:51  SCV  
  56  6:59  Missile Turret  
  56  7:03  SCV  
  56  7:05  Marauder, Medivac  
  61  7:15  SCV  
  61  7:21  Missile Turret  
  62  7:31  SCV x2, Marauder, Medivac  
  62  7:35  Medivac, Supply Depot  
  70  7:39  Terran Infantry Armor Level 1  
  70  7:43  Missile Turret  
  70  7:49  Supply Depot  
  70  7:56  SCV x2, Siege Tank  
  70  7:57  Supply Depot  
  75  8:01  Medivac  
  75  8:02  Supply Depot  
  75  8:03  Marine  
  75  8:04  Marauder  
  80  8:08  SCV x2  
  80  8:11  Supply Depot  
  82  8:20  SCV  
  82  8:21  Supply Depot  
  82  8:26  Supply Depot  
  81  8:28  Siege Tank  
  84  8:40  Refinery  
  84  8:46  SCV  
  84  8:47  SCV  
  86  8:49  Command Center  
  86  8:56  Marauder, Marine x4  
  86  8:58  SCV  
  86  8:59  SCV  
  94  9:11  SCV  
  94  9:13  Combat Shield  
  95  9:17  Marauder  
  97  9:24  Armory  
  97  9:29  Marine x4  
  101  9:39  Marauder  
  103  9:46  Marine  
  103  9:47  Marine x3  
  107  10:00  Marauder  
  107  10:02  Siege Tank  
  107  10:04  Marine x2  
  107  10:05  Marine x2  
  103  10:21  Marauder  
  103  10:22  Marine  
  103  10:27  Marine x3  
  107  10:32  Stimpack  
  107  10:34  Siege Tank  
  108  10:40  Marine  
  108  10:42  Terran Vehicle Weapons Level 1  
  109  10:43  Marauder  
  109  10:44  Marine  
  112  10:53  SCV x2  
  112  10:54  Refinery  
  112  10:56  Planetary Fortress  
  114  10:59  Command Center  
  114  11:04  Marauder  
  114  11:05  SCV x2  
  114  11:06  Thor  
  124  11:17  SCV x2  
  126  11:29  SCV x2  
  128  11:39  Missile Turret  
  128  11:41  SCV  
  128  11:42  SCV  
  129  12:02  Missile Turret  
  123  12:10  Marauder, Marine x4  
  123  12:12  Thor  
  134  12:22  Missile Turret  
  107  12:28  Marine x4  
  88  12:31  Marauder  
  62  12:45  Marine  
  62  12:46  Marine  
  62  12:48  Barracks  
  62  12:49  Barracks  
  61  12:52  Marauder  
  55  13:03  Marine x2  
Show
View Real Time Build Order
Export as new Build Order

qqq Zerg 

Build Orders: Hatch First 

Get SALT Encoding   

  12  0:03  Drone  
  13  0:10  Drone  
  14  0:36  Hatchery  
  13  0:51  Spawning Pool  
  12  0:58  Overlord  
  12  1:02  Drone  
  13  1:07  Drone  
  13  1:11  Extractor  
  13  1:13  Drone  
  14  1:25  Drone  
  15  1:44  Overlord  
  15  1:45  Queen  
  17  1:51  Queen  
  19  1:56  Drone  
  20  2:03  Drone  
  20  2:08  Drone  
  22  2:10  Drone  
  22  2:15  Zergling x2  
  24  2:27  Drone  
  24  2:28  Drone  
  26  2:36  Lair  
  26  2:39  Drone  
  26  2:41  Extractor  
  26  2:56  Zergling x8  
  26  2:57  Drone  
  31  2:59  Drone  
  32  3:11  Drone x2  
  34  3:13  Zergling x2  
  35  3:33  Spine Crawler  
  34  3:35  Spine Crawler  
  34  3:36  Spine Crawler  
  34  3:39  Drone  
  34  3:40  Drone x3  
  36  3:50  Overlord  
  36  3:51  Overlord  
  36  4:10  Drone  
  36  4:11  Drone  
  36  4:12  Drone, Spire  
  36  4:15  Drone  
  39  4:17  Drone  
  39  4:20  Drone  
  41  4:24  Overlord  
  41  4:29  Metabolic Boost  
  41  4:36  Drone x2  
  41  4:37  Drone  
  44  4:42  Overlord  
  44  4:44  Drone  
  46  4:45  Drone  
  46  4:57  Spore Crawler  
  45  5:03  Drone x3  
  48  5:07  Extractor  
  48  5:11  Drone  
  48  5:14  Overlord  
  48  5:17  Drone  
  48  5:18  Drone  
  48  5:20  Drone  
  51  5:24  Mutalisk  
  51  5:26  Hatchery  
  51  5:28  Zerg Flyer Weapons Level 1  
  52  5:30  Drone  
  53  5:40  Spore Crawler  
  52  5:43  Mutalisk, Spore Crawler  
  52  5:44  Drone, Mutalisk  
  56  5:50  Drone x3  
  59  5:58  Mutalisk  
  62  6:04  Drone  
  62  6:11  Mutalisk  
  62  6:13  Drone  
  62  6:16  Extractor  
  64  6:23  Drone  
  65  6:27  Mutalisk  
  65  6:28  Mutalisk  
  66  6:41  Drone  
  57  6:53  Drone  
  57  6:54  Mutalisk x3  
  58  6:59  Drone x2  
  66  7:08  Drone x3, Mutalisk  
  71  7:20  Drone  
  72  7:32  Drone  
  72  7:33  Hatchery, Drone  
  72  7:34  Drone x5  
  78  7:44  Hatchery  
  72  7:55  Mutalisk x3  
  72  7:56  Mutalisk x2  
  82  8:08  Overlord x2  
  82  8:09  Spore Crawler  
  82  8:10  Drone, Spore Crawler  
  70  8:24  Mutalisk x2  
  70  8:26  Drone x3  
  77  8:36  Zerg Flyer Armor Level 1  
  77  8:39  Drone  
  78  8:42  Mutalisk  
  78  8:44  Zergling x6  
  78  8:45  Drone  
  72  9:03  Mutalisk x3  
  72  9:04  Zergling x2  
  72  9:05  Drone x2  
  72  9:06  Drone x2  
  83  9:15  Zergling x4, Infestation Pit  
  83  9:16  Zergling x6  
  87  9:27  Zergling x4  
  89  9:35  Drone x3  
  89  9:36  Drone x3  
  89  9:37  Zergling x4  
  97  9:46  Evolution Chamber  
  97  9:48  Evolution Chamber  
  90  10:18  Mutalisk x2  
  90  10:19  Zergling x8  
  90  10:20  Drone, Zergling x8  
  90  10:21  Drone x7  
  106  10:32  Mutalisk  
  106  10:33  Mutalisk  
  106  10:34  Drone x4  
  110  10:38  Extractor x2  
  110  10:39  Extractor  
  110  10:40  Extractor  
  106  10:42  Overlord  
  106  10:43  Overlord  
  106  10:45  Hive  
  106  10:48  Zerg Melee Weapons Level 1  
  106  10:49  Zerg Ground Armor Level 1  
  106  11:18  Mutalisk x2  
  106  11:19  Zergling x8  
  106  11:20  Zergling x2  
  106  11:21  Drone x2, Zergling x6  
  106  11:22  Drone x3  
  118  11:42  Mutalisk  
  118  11:43  Mutalisk x2  
  118  11:44  Drone, Zergling x2  
  118  11:45  Drone x3  
  120  11:54  Drone  
  120  11:55  Drone x2, Zergling x4  
  120  11:56  Zergling x4  
  120  12:00  Ultralisk Cavern  
  123  12:10  Mutalisk  
  123  12:11  Zergling x2  
  99  12:47  Spine Crawler  
  99  12:48  Spine Crawler  
  99  12:49  Spine Crawler x3  
  112  12:51  Spine Crawler  
  112  12:52  Drone x2  
  112  12:54  Extractor  
  112  12:55  Extractor  
Tags
 
Add a new tag
Caveats
  • Supply blocks, unpowered buildings, or Contaminate may cause inaccurate times.
  • Supply counts are checked every 10 seconds.